 Dungeon Crawl Stone Soup version 0.29.1-2-gbd0b4ee654 (webtiles) character file.

Game seed: 2597177668115275530

53 xian the Magician (level 3, -2/16 HPs)
             Began as a Spriggan Earth Elementalist on Nov 8, 2022.
             Slain by Terence
             ... wielding a +0 trident
              (14 damage)
             ... on level 2 of the Dungeon.
             The game lasted 00:02:49 (1514 turns).

xian the Magician (Spriggan Earth Elementalist)     Turns: 1514, Time: 00:02:49

Health: -2/16      AC:  2    Str:  4    XL:     3   Next: 62%
Magic:  6/9        EV: 17    Int: 18    God:
Gold:   62         SH:  0    Dex: 15    Spells: 6/9 levels left

rFire   . . .      SeeInvis +   q - +1 dagger (venom)
rCold   . . .      Faith    +   (no shield)
rNeg    + . .      Spirit   .   a - +0 robe
rPois   .          Reflect  .   (helmet restricted)
rElec   .          Harm     +   e - scarf {harm}
rCorr   .          Rampage  .   (gloves unavailable)
Will    .....                   (boots unavailable)
Stlth   ++........              i - amulet of faith
HPRegen 0.05/turn               g - ring of positive energy
MPRegen 0.11/turn               (no ring)

@: very quick
A: very small, no large weapons, unfitting armour, see invisible, speed 3
a: no special abilities


You were on level 2 of the Dungeon.
You visited 1 branch of the dungeon, and saw 2 of its levels.

You collected 62 gold pieces.

Inventory:

Hand Weapons
 q - a +1 dagger of venom (weapon)
Armour
 a - a +0 robe (worn)
 e - a scarf of harm (worn)
Jewellery
 g - a ring of positive energy (left hand)
 i - an amulet of faith (around neck)
Scrolls
 d - 2 scrolls of enchant weapon {unknown}
 f - 2 scrolls of identify {unknown}
 j - a scroll of blinking {unknown}
 l - 2 scrolls of enchant armour {unknown}
 m - a scroll of poison {unknown}
 p - 2 scrolls of teleportation {unknown}
Potions
 b - a potion of magic
 c - a potion of brilliance {unknown}
 h - 2 potions of curing {unknown}
 k - a potion of lignification {unknown}
 n - a potion of invisibility {unknown}
 o - a potion of cancellation {unknown}
 r - 2 potions of heal wounds {unknown}


   Skills:
 + Level 3.1 Dodging
 + Level 3.0 Stealth
 + Level 3.9 Spellcasting
 + Level 1.3 Transmutations
 + Level 3.4 Earth Magic


You had 6 spell levels left.
You knew the following spells:

 Your Spells              Type           Power      Damage    Failure   Level
a - Sandblast             Erth           30%        2d9       3%          1
b - Passwall              Tmut/Erth      10%        N/A       9%          2

Your spell library contained the following spells:

 Spells                   Type           Power      Damage    Failure   Level
 Stone Arrow              Conj/Erth      18%        3d8       22%         3
 Tukima's Dance           Hex            3%         N/A       41%         3
 Petrify                  Tmut/Erth      12%        N/A       50%         4
 Passage of Golubria      Tloc           3%         N/A       83%         4
 Yara's Violent Unravell  Hex/Tmut       3%         3d4       97%         5


Dungeon Overview and Level Annotations

Branches:
Dungeon (2/15)

Altars:

Shops:
D:1 (   D:2 =

Annotations:
D:2 Ring store, Terence


Innate Abilities, Weirdness & Mutations

You are very small and have problems with some larger weapons.
You are too small for most types of armour.
You have supernaturally acute eyesight. (SInv)
You cover ground extremely quickly. (Speed+++)


Message History

The gnoll barely misses you.
You are out of magic!
You are out of magic!
The gnoll completely misses you.
You see here a +0 flail.
You closely miss the gnoll. The gnoll closely misses you.
You hit the gnoll.
The gnoll is poisoned.
The gnoll is heavily wounded.
The gnoll hits you with a +0 flail!
Ouch! That really hurt!
You hit the gnoll.
The gnoll looks as sick as possible!
The gnoll is severely wounded.
You kill the gnoll!
You see here a +0 flail.
You see here a +0 flail.
You see here a +0 flail.
p - 2 scrolls labelled QYGHUO NAGI (gained 1)
Found a crystal plate armour.
You see here a +0 crystal plate armour.
Terence the Incautious comes into view.
He is wielding a +0 trident.
The blast of sand hits Terence but does no damage.
Terence shouts!
The blast of sand hits Terence but does no damage.
Terence misses you.
The blast of sand hits Terence but does no damage.
Terence closely misses you.
The blast of sand misses Terence.
Terence says, "Don't bother to defend, it's useless."
Terence closely misses you. Terence misses you. Terence misses you.
You hit Terence but do no damage.
Terence is poisoned.
Terence hits you with a +0 trident.
You hit Terence but do no damage.
Terence looks as sick as possible!
Terence is lightly wounded.
Terence completely misses you.
You hit Terence but do no damage.
Terence looks as sick as possible!
Terence is lightly wounded.
Terence hits you with a +0 trident!
Ouch! That really hurt!
You die...

#..#. #.#.. #####
##... ##...## ####
##.###.## ##...
##.## ##[## #.#..
#.##...##.####..#.
#.##.........#...#
#@##...##.###.###.
##@##. #.## #.# #.
#.# #.# #.# #.
#...# #.# #. #.#
#.# #. #.# #.# ##
# # #.# ###.# #..


You could see Terence (extremely poisoned).

Vanquished Creatures
  3 gnolls (D:2)
  An endoplasm (D:1)
  A giant cockroach (D:1)
  2 goblins (D:1)
  4 hobgoblins
  4 jackals (D:2)
  2 quokkas (D:1)
  2 ball pythons (D:1)
  A frilled lizard (D:1)
  A kobold (D:2)
  A rat (D:2)
22 creatures vanquished.

Notes
Turn   | Place    | Note
-------+----------+-------------------------------------------
     0 | D:1      | xian the Spriggan Earth Elementalist began the quest for
                  | the Orb.
     0 | D:1      | Reached XP level 1. HP: 9/9 MP: 5/5
    41 | D:1      | Found Titwiest's Antique Weapon Shop.
   415 | D:1      | Reached XP level 2. HP: 13/13 MP: 2/7
   418 | D:1      | Learned a level 2 spell: Passwall
  1172 | D:2      | Found Jaom's One-of-a-Kind Rings.
  1230 | D:2      | Reached XP level 3. HP: 16/16 MP: 3/9
  1506 | D:2      | Noticed Terence
  1514 | D:2      | Slain by Terence

Illustrated notes

Levels and vault maps discovered:
D:1:      dpeg_arrival_tiny_j, layout_basic, serial_shops,
          nicolae_shop_advertising_works [nicolae_subvault_shop_adworks]
D:2:      layout_loops_ring, nicolae_ecumenical_snake_handling,
          nicolae_shop_unique_rings, hangedman_decor_diamond_cutter,
          amcnicky_mini_rare_corridor_liquid, uniq_terence

Skill      XL: |  1  2 |
---------------+-------+-----
Dodging        | 3 |  3.1
Spellcasting   | 3 |  3.9
Earth Magic    | 3 |  3.4
Stealth        | |  3.0
Transmutations | |  1.3

Action                   || total
-------------------------++-------
Melee: Dagger            ||     6
 Cast: Sandblast         ||    43
Armor: Robe              ||     4
Dodge: Dodged            ||    23
